Map: Radhuset Station LE

Players

bREAKER - Winner!

  • Race: Terran Terran
  • Spawn Location: 7:00

Subwayeatn

  • Race: Zerg Zerg
  • League: Platinum
  • Spawn Location: 1:00

VOD

Have the link to the VOD?

Description

Time

  • Played on: Nov. 10, 2023, 1:16 p.m.
  • Length: 5:28
Show
View Real Time Build Order
Export as new Build Order

bREAKER Terran - Winner!

Build Orders:  

Get SALT Encoding   

  12  0:00  SCV  
  13  0:12  SCV  
  14  0:17  Supply Depot  
  14  0:25  SCV  
  15  0:41  Barracks, SCV  
  16  0:48  Refinery  
  16  0:53  SCV  
  17  1:05  SCV  
  18  1:19  Barracks  
  18  1:25  SCV  
  19  1:32  Barracks Reactor  
  20  1:41  Barracks  
  20  1:42  Orbital Command  
  19  1:53  Supply Depot  
  19  2:09  Barracks Reactor  
  19  2:15  Engineering Bay  
  19  2:16  Marine x2  
  19  2:19  Supply Depot  
  21  2:27  Barracks Tech Lab  
  21  2:28  SCV  
  22  2:40  Marine  
  22  2:41  Marine  
  22  2:43  Terran Infantry Weapons Level 1  
  24  2:45  Supply Depot  
  24  2:46  SCV  
  24  2:50  Marine  
  26  2:52  Marine  
  26  2:56  Marine  
  28  3:04  Marine  
  28  3:05  Marine  
  30  3:08  Marine  
  31  3:14  Supply Depot  
  31  3:19  SCV  
  31  3:23  Marine x3  
  31  3:24  Marine  
  35  3:29  Stimpack  
  35  3:32  Marine  
  36  3:41  Marine  
  36  3:42  Marine x2  
  36  3:43  Marine  
  36  3:44  SCV  
  41  3:49  Marine  
  42  3:59  Marine  
  42  4:00  Marine x3  
  46  4:05  SCV  
  47  4:19  Marine x4  
  51  4:25  Marine  
  51  4:28  Supply Depot  
  52  4:38  SCV  
  53  4:50  SCV  
  53  4:51  Marine x2  
  53  4:52  Supply Depot, Marine x3  
  59  5:09  Marine  
Show
View Real Time Build Order
Export as new Build Order

Subwayeatn Zerg 

Build Orders: Hatch First 

Get SALT Encoding   

  12  0:00  Drone  
  13  0:12  Overlord  
  13  0:18  Drone  
  14  0:30  Drone x2  
  16  0:49  Hatchery  
  15  0:54  Drone  
  15  0:56  Drone  
  17  1:00  Drone  
  17  1:04  Extractor  
  17  1:21  Spawning Pool  
  17  1:23  Drone  
  17  1:24  Drone  
  18  1:30  Drone  
  19  1:38  Drone  
  20  1:49  Overlord  
  20  2:09  Queen  
  20  2:10  Queen  
  20  2:11  Zergling x2  
  20  2:12  Zergling x2  
  20  2:15  Metabolic Boost  
  26  2:18  Drone  
  26  2:20  Drone  
  28  2:28  Drone x2  
  30  2:32  Drone  
  30  2:35  Drone  
  32  2:46  Queen  
  32  2:50  Queen  
  36  3:01  Overlord  
  36  3:04  Overlord  
  36  3:16  Overlord  
  36  3:33  Lair  
  36  3:37  Queen  
  36  3:39  Drone x8  
  46  3:54  Zergling x2, Extractor  
  46  3:55  Zergling x2  
  47  4:03  Zergling x6, Spine Crawler  
  47  4:04  Zergling x2  
  47  4:09  Baneling Nest  
  49  4:28  Drone x3  
  49  4:30  Overlord  
  49  4:31  Overlord  
  52  5:04  Zergling x6  
  52  5:05  Zergling x6  
Tags
 
Add a new tag
Caveats
  • Supply blocks, unpowered buildings, or Contaminate may cause inaccurate times.
  • Supply counts are checked every 10 seconds.